 Dungeon Crawl Stone Soup version 0.32-a0-870-g877066f4b4 (webtiles) character file.

Game seed: 17909124708848217161

286 Kenran the Ruffian (level 6, -4/45 HPs)
             Began as a Minotaur Alchemist on Mar 29, 2024.
             Was a Priest of Nemelex Xobeh.
             Slain by a black bear (5 damage)
             ... on level 5 of the Dungeon.
             The game lasted 00:06:10 (4504 turns).

Kenran the Ruffian (Minotaur Alchemist)             Turns: 4504, Time: 00:06:11

Health: -4/45      AC: -3    Str: 15    XL:     6   Next: 8%
Magic:  0/7        EV:  6    Int: 12    God:    Nemelex Xobeh [***...]
Gold:   29         SH:  0    Dex: 10    Spells: 6/7 levels left

rFire   . .          .
                       - Unarmed
rCold   . . .        (no shield)
rNeg    . . .        f - +0 chain mail
rPois   +            (helmet restricted)
rElec   .            (no cloak)
rCorr   .            a - +0 pair of gloves
SInv    .            (no boots)
Will    .....        g - amulet of guardian spirit Stlth
                     c - ring of flight
HPRegen 0.27/turn    r - ring of poison resistance
MPRegen 0.10/turn

%: guardian spirit
@: about to teleport, corroded, flying
A: horns 2, retaliatory headbutt
a: Renounce Religion, Draw Escape, Draw Destruction, Draw Summoning, Triple Draw


You were on level 5 of the Dungeon.
You worshipped Nemelex Xobeh.
Nemelex Xobeh was most pleased with you.
You visited 1 branch of the dungeon, and saw 5 of its levels.

You collected 201 gold pieces.
You spent 172 gold pieces at shops.

Inventory:

Missiles
 s - 8 poisoned darts
Armour
 a - a +0 pair of gloves (worn)
 f - a +0 chain mail (worn)
Jewellery
 c - a ring of flight (left hand)
 g - an amulet of guardian spirit (around neck)
 r - a ring of poison resistance (right hand)
Scrolls
 d - 2 scrolls of enchant weapon
 i - a scroll of revelation
 k - a scroll of enchant armour
 l - a scroll of teleportation
 o - 2 scrolls of poison
Potions
 b - a potion of magic
 e - a potion of heal wounds {@q2}
 h - a potion of curing {@q1}
 j - a potion of degeneration {unknown}
 m - 4 potions of mutation {unknown}
 n - 2 potions of brilliance {unknown}
 p - a potion of haste {unknown}
 q - 2 potions of attraction {unknown}
 t - 2 potions of cancellation {unknown}


   Skills:
 - Level 2.1 Dodging
 - Level 1.5 Stealth
 + Level 6.6 Unarmed Combat
 - Level 1.3 Spellcasting
 - Level 0.6 Conjurations
 - Level 2.1 Alchemy


You had 6 spell levels left.
You knew the following spells:

 Your Spells              Type           Power      Damage    Failure   Level
a - Sting                 Conj/Alch      16%        1d4       95%         1

Your spell library contained the following spells:

 Spells                   Type           Power      Damage    Failure   Level
 Apportation              Tloc           0%         N/A       99%         1
 Necrotise                Necr           0%         1d4       99%         1
 Summon Small Mammal      Summ           0%         N/A       99%         1
 Mercury Vapours          Alch/Air       6%         N/A       99%         2
 Dazzling Flash           Conj/Hex       2%         N/A       100%        3
 Mephitic Cloud           Conj/Alch/Air  3%         N/A       100%        3
 Olgreb's Toxic Radiance  Alch           6%         N/A       100%        4
 Sticky Flame             Fire/Alch      3%         2d4       100%        4
 Starburst                Conj/Fire      0%         6d3       100%        6
 Maxwell's Capacitive Co  Air            0%         ∞         100%        8


Dungeon Overview and Level Annotations

Branches:
Dungeon (5/15)             Temple (0/1) D:4

Altars:
Fedhas
Nemelex Xobeh
Sif Muna

Shops:
D:1 [   D:3 !*(


Innate Abilities, Weirdness & Mutations

You have a pair of horns on your head.
You reflexively headbutt those who attack you in melee.


Message History

A black bear comes into view.
The black bear growls angrily.
You hit the jelly but do no damage. The acid corrodes you!
Your hands burn!
You headbutt the jelly.
The jelly is lightly wounded.
The jelly hits you but does no damage. The bat hits you but does no damage.
You hit the jelly but do no damage. The acid corrodes you!
Your hands burn!
The jelly is lightly wounded.
The bat hits you. The jelly hits you but does no damage.
You hit the jelly but do no damage. The acid corrodes you!
Your hands burn!
The jelly is lightly wounded.
The bat closely misses you. The jelly hits you.
You are splashed with acid!
The bat hits you.
You are too injured to fight recklessly!
You are too injured to fight recklessly!
You hit the jelly but do no damage.
Your hands burn!
You headbutt the jelly, but do no damage.
The jelly is lightly wounded.
The bat hits you but does no damage. The jelly hits you. The acid corrodes you!
You are splashed with acid!
You hit the jelly but do no damage. The acid corrodes you!
Your hands burn!
The jelly is lightly wounded.
The bat barely misses you. The bat hits you.
* * * LOW HITPOINT WARNING * * *
The jelly hits you.
* * * LOW HITPOINT WARNING * * *
You are splashed with acid!
* * * LOW HITPOINT WARNING * * *
Okay, then.
Okay, then.
As you read the scroll of teleportation, it crumbles to dust.
You feel strangely unstable. The jelly closely misses you. The bat hits you.
* * * LOW HITPOINT WARNING * * *
The black bear attacks as it pursues you!
The black bear bites you.
* * * LOW HITPOINT WARNING * * *
The black bear claws you.
You die...
Your body glows slightly and disappears.

... .# #.. #..
..##.. #..
#..... ..
.....#. #.#####
......##.......
#.##..#J......
#....b........
####.@h.......
................
...###..##......
. #..# ......
...# ......
##.## ....) ..
##### #.#


You could see a black bear, a jelly (misshapen) and a bat (misshapen).

Vanquished Creatures
  A kobold brigand (D:4)
  A bombardier beetle (D:3)
  2 orc wizards (D:3)
  2 adders (D:2)
  2 dart slugs
  A ribbon worm (D:2)
  11 orcs
  5 endoplasms
  5 giant cockroaches
  8 goblins
  12 hobgoblins
  11 kobolds
  4 quokkas
  8 ball pythons
  6 bats
  4 frilled lizards
  8 rats
91 creatures vanquished.

Notes
Turn   | Place    | Note
-------+----------+-------------------------------------------
     0 | D:1      | Kenran the Minotaur Alchemist began the quest for the Orb.
     0 | D:1      | Reached XP level 1. HP: 14/14 MP: 1/1
   117 | D:1      | Reached skill level 1 in Unarmed Combat
   294 | D:1      | Reached XP level 2. HP: 9/20 MP: 0/3
   312 | D:1      | Reached skill level 2 in Unarmed Combat
   690 | D:1      | Found a faded altar of an unknown god.
   700 | D:1      | Prayed at the altar of an unknown god.
   700 | D:1      | Became a worshipper of Nemelex Xobeh the Trickster
   700 | D:1      | Reached * piety under Nemelex Xobeh
   885 | D:1      | Received a gift from Nemelex Xobeh
  1018 | D:1      | Reached skill level 3 in Unarmed Combat
  1192 | D:1      | Found Izuirrau's Antique Armour Shoppe.
  1353 | D:2      | Reached XP level 3. HP: 26/26 MP: 4/4
  2148 | D:2      | Reached skill level 4 in Unarmed Combat
  2166 | D:2      | Reached ** piety under Nemelex Xobeh
  2269 | D:3      | Reached XP level 4. HP: 33/33 MP: 5/5
  2292 | D:3      | Found Hevvisy's General Store.
  2292 | D:3      | Received a gift from Nemelex Xobeh
  2303 | D:3      | Bought a potion of heal wounds for 60 gold pieces
  2350 | D:3      | Found Cytuof's Antique Weapon Shop.
  2428 | D:3      | Reached skill level 5 in Unarmed Combat
  2633 | D:3      | Found a blossoming altar of Fedhas.
  2648 | D:3      | Found Detatask's Distillery.
  2655 | D:3      | Reached XP level 5. HP: 38/38 MP: 6/6
  3032 | D:4      | Reached skill level 6 in Unarmed Combat
  3290 | D:4      | Found a shimmering blue altar of Sif Muna.
  3318 | D:4      | Reached XP level 6. HP: 42/45 MP: 5/7
  3900 | D:4      | Reached *** piety under Nemelex Xobeh
  3928 | D:4      | Found a staircase to the Ecumenical Temple.
  4402 | D:1      | Bought a pair of gloves for 112 gold pieces
  4495 | D:5      | Entered Level 5 of the Dungeon
  4504 | D:5      | HP: 1/45 [black bear (3)]
  4504 | D:5      | Slain by a black bear

Illustrated notes

Levels and vault maps discovered:
D:1:      dpeg_arrival_central, layout_basic, serial_shops,
          nicolae_shop_hallway_plus, ebering_ecumenical_altar_sacrificial,
          minmay_misc_feat_five
D:2:      layout_basic
D:3:      layout_rooms, fedhas_ov_isle_minmay, serial_shops, shop,
          nicolae_shop_trees, shop, kennysheep_generic_room_14
D:4:      layout_layer_cave, nicolae_sif_muna_little_library,
          minmay_temple_entry_poolview
D:5:      layout_rooms, mainiacjoe_overflow_brackets,
          lemuel_coloured_pillars_altar, lemuel_tele_altar

Skill      XL: |  1  2  3  4  5 |
---------------+----------------+-----
Unarmed Combat | 1 3 4 5 6 |  6.6
Dodging        | |  2.1
Stealth        | |  1.5
Spellcasting   | |  1.3
Conjurations   | |  0.6
Alchemy        | |  2.1

Action                     |  1- 3 |  4- 6 || total
---------------------------+-------+-------++-------
  Melee: Unarmed           |   117 |   122 ||   239
         Headbutt          |    17 |    25 ||    42
         Punch             |     1 |     3 ||     4
   Cast: Sting             |     7 |       ||     7
 Invoke: Draw Destruction  |       |     3 ||     3
    Use: Scroll            |     3 |     4 ||     7
   Stab: Sleeping          |     1 |       ||     1
 Armour: Robe              |    11 |       ||    11
         Chain mail        |    70 |   116 ||   186
  Dodge: Dodged            |    49 |    37 ||    86

Table legend: (Time is in decaauts)
 A = Elapsed time spent in this place.
 B = Non-inter-level travel time spent in this place.
 C = Inter-level travel time spent in this place.
 D = Time resting spent in this place.
 E = Time spent auto-exploring this place.
 F = Levels seen in this place.
 G = Mean time per level.
                   A        B        C        D        E       F      G
               +--------+--------+--------+--------+--------+-----+--------+
         Total |   4486 |   4229 |    257 |    603 |   2825 |   5 |  897.2 |
       Dungeon |   4486 |   4229 |    257 |    603 |   2825 |   5 |  897.2 |
               +--------+--------+--------+--------+--------+-----+--------+

Top non-repeatable levels by time:
     D:4: 1400 daAuts
     D:1: 1365 daAuts
     D:2: 994 daAuts
     D:3: 718 daAuts
     D:5: 8 daAuts
